 Dungeon Crawl Stone Soup version 0.14-a0-102-g2341383 (webtiles) character file.

3482 PolkaDot the Cloud Mage (level 9, -9/57 HPs)
             Began as a Vampire Air Elementalist on Oct 3, 2013.
             Was a Believer of Sif Muna.
             Killed from afar by a manticore (18 damage)
             ... with a volley of spikes
             ... on Level 8 of the Dungeon.
             The game lasted 01:09:43 (9191 turns).

PolkaDot the Cloud Mage (Vampire Air Elementalist)  Turns: 9191, Time: 01:09:43

HP  -9/57        AC  8     Str  7      XL: 9   Next: 69%
MP   2/18        EV 13     Int 20      God: Sif Muna [**....]
Gold 205         SH  0     Dex 14      Spells:  8 memorised,  0 levels left

Res.Fire  : + . .   See Invis. : +   E - +2 glaive (venom)
Res.Cold  : . . .   Warding    : .   D - +1 robe {rF+}
Life Prot.: . . .   Conserve   : +   (no shield)
Res.Poison: +       Res.Corr.  : .   w - +1 wizard hat
Res.Elec. : .       Clarity    : .   (no cloak)
Sust.Abil.: . .     Spirit.Shd : .   F - +1 pair of bracers {archer}
Res.Mut.  : .       Stasis     : .   (no boots)
Res.Rott. : .       Flight     : +   x - amulet of conservation
Saprovore : . . .                    A - ring of teleport control
                                     y - +1 ring of evasion

@: repel missiles, regenerating very quickly, flying, quick, somewhat resistant
to hostile enchantments, unstealthy
A: bottle blood, fangs 3, see invisible, -10% mp, poison resistance,
unbreathing, AC +2
a: Bottle Blood, Channel Energy, Forget Spell, Renounce Religion, Evoke Teleport
Control


You were on level 8 of the Dungeon.
You worshipped Sif Muna.
Sif Muna was pleased with you.
You were almost alive.

You visited 2 branches of the dungeon, and saw 9 of its levels.

You collected 426 gold pieces.
You spent 241 gold pieces at shops.

Inventory:

Hand weapons
 m - a +2,+0 scythe of protection
 s - a +3,+2 short sword of electrocution
 E - a +2,+2 glaive of venom (weapon)
Armour
 w - a +1 wizard hat (worn)
 D - a +1 robe of fire resistance (worn)
 F - a +1 pair of bracers of archery (worn)
Magical devices
 a - a wand of frost (13)
 h - a wand of digging (6)
 i - a wand of polymorph (1)
 n - a wand of invisibility (1)
 B - a wand of flame (8)
 H - a wand of paralysis (15)
Scrolls
 c - a scroll of fog
 g - 2 scrolls of enchant weapon I
 j - a scroll of fear
 r - a scroll of identify
 t - 2 scrolls of remove curse
Jewellery
 k - an uncursed ring of ice
 u - an uncursed ring of fire
 v - an uncursed ring of fire
 x - an amulet of conservation (around neck)
 y - a +1 ring of evasion (left hand)
 A - a ring of teleport control (right hand)
Potions
 d - a potion of flight
 e - a potion of restore abilities
 f - 6 potions of blood
 l - a potion of magic
 o - 6 potions of curing
 q - a potion of resistance
Books
 b - a book of Air

   Spells                             Type                      Level
   *Shock                             Conjuration/Air              1
   *Swiftness                         Charms/Air                   2
   *Repel Missiles                    Charms/Air                   2
   *Flight                            Charms/Air                   3
   *Static Discharge                  Conjuration/Air              3
   Lightning Bolt                     Conjuration/Air              5
 p - a book of Conjurations

   Spells                             Type                      Level
   Magic Dart                         Conjuration                  1
   *Searing Ray                       Conjuration                  2
   Dazzling Spray                     Conjuration/Hexes            3
   Iskenderun's Mystic Blast          Conjuration                  4
   Iskenderun's Battlesphere          Conjuration/Charms           4
   Fulminant Prism                    Conjuration/Hexes            5
 z - a book of Party Tricks

   Spells                             Type                      Level
   Summon Butterflies                 Summoning                    1
   *Apportation                       Translocation                1
   *Blink                             Translocation                2
   Alistair's Intoxication            Transmutation/Poison         4
   Tukima's Dance                     Hexes                        5
 C - a book of Ice

   Spells                             Type                      Level
   Freezing Aura                      Charms/Ice                   2
   Ensorcelled Hibernation            Hexes/Ice                    2
   Ozocubu's Refrigeration            Ice                          6
   Bolt of Cold                       Conjuration/Ice              6
   Freezing Cloud                     Conjuration/Ice/Air          6
   Metabolic Englaciation             Hexes/Ice                    6
   Simulacrum                         Ice/Necromancy               6
 G - a book of Battle

   Spells                             Type                      Level
   Infusion                           Charms                       1
   Shroud of Golubria                 Charms/Translocation         2
   Song of Slaying                    Charms                       2
   Spectral Weapon                    Hexes/Charms                 3
   Regeneration                       Charms/Necromancy            3
   Song of Shielding                  Charms                       4


   Skills:
 - Level 2.1 Dodging
 - Level 3.0 Stealth
 - Level 4.0 Spellcasting
 - Level 6.0 Conjurations
 + Level 5.8 Charms
 * Level 9.2 Air Magic
 + Level 1.1 Invocations


You couldn't memorise any spells.
You knew the following spells:

 Your Spells              Type           Power        Failure   Level  Hunger
a - Static Discharge      Conj/Air       ####....     1%          3    ###....
b - Blink                 Tloc           N/A          21%         2    #......
e - Flight                Chrm/Air       ####......   1%          3    ###....
q - Swiftness             Chrm/Air       ####......   1%          2    #......
r - Apportation           Tloc           #.........   14%         1    None
s - Shock                 Conj/Air       ####         1%          1    None
w - Repel Missiles        Chrm/Air       ####......   1%          2    #......
z - Searing Ray           Conj           ####..       1%          2    #......


Dungeon Overview and Level Annotations

Branches:
Dungeon (8/27)             Temple (1/1) D:6             Orc (0/4) D:6
   Lair: D:8-13

Altars:
Ashenzari
Cheibriados
Elyvilon
Fedhas
Kikubaaqudgha
Makhleb
Nemelex Xobeh
Okawaru
Sif Muna
Trog
Vehumet
Xom
Yredelemnul
Zin
the Shining One

Shops:
D:6 (   D:8 ([(


Innate Abilities, Weirdness & Mutations

Your natural rate of healing is extremely fast.
You can bottle blood from corpses.
You have razor-sharp teeth.*
You have supernaturally acute eyesight.
You can survive without breathing.*
You are partially covered in yellow scales (AC +2).*
Your magical capacity is low (-10% MP).+ Your system is resistant to poisons.*+


Message History

The lightning arcs!
You are struck by lightning.
* * * LOW HITPOINT WARNING * * *
The lightning arcs!
The manticore is struck by lightning.
The manticore is almost dead.
The lightning grounds out.
The manticore bites you.
* * * LOW HITPOINT WARNING * * *
The manticore claws you.
* * * LOW HITPOINT WARNING * * *
The manticore closely misses you.
Drink which item? (? for menu, Esc to quit)
Okay, then.
You barely miss the manticore.
The manticore is almost dead.
You start to feel a little slower.
The manticore flicks its tail!
The volley of spikes is repelled.
You barely miss the manticore.
You bite the manticore, but do no damage.
The manticore is almost dead.
The manticore flicks its tail!
The volley of spikes hits you!
You die...

#######################
........................
........................
........................
.................).......
................@).......
..........)......H.......
.........8.8.8..........
..................?.....
...
........................
..
#######################
#. #. #. #.


You could see a manticore.

Vanquished Creatures
  A spriggan (D:7)
  Eustachio (D:8)
  4 ogres
  An ice beast (D:5)
  An orc warrior (D:8)
  4 phantoms
  2 centaurs
  Sigmund (D:5)
  Duvessa (D:5)
  A crocodile (D:7)
  A giant frog (D:6)
  A hippogriff zombie (D:5)
  3 wights (D:8)
  Dowan (D:5)
  7 crimson imps
  A giant frog zombie (D:8)
  A centaur zombie (D:5)
  6 hounds
  A jelly (D:5)
  4 orc priests
  4 scorpions
  8 worker ants
  3 iguanas
  3 orc wizards
  An ogre skeleton (D:6)
  2 green rats (D:8)
  14 adders
  A giant mite (D:4)
  2 worms
  2 adder zombies
  A grey rat (D:8)
  2 giant eyeballs
  3 oozes
  28 orcs
  6 giant cockroaches
  19 hobgoblins
  5 quokkas
  A ball python (D:3)
  14 bats
  5 giant geckos
  6 giant newts
  A giant spore (D:7)
  10 goblins
  13 jackals
  11 kobolds
  A kobold zombie (D:6)
  An orc skeleton (D:3)
  An orc zombie (D:6)
  12 rats
223 creatures vanquished.

Notes
Turn   | Place    | Note
--------------------------------------------------------------
     0 | D:1      | PolkaDot, the Vampire Air Elementalist, began the quest for the Orb.
     0 | D:1      | Reached XP level 1. HP: 13/13 MP: 4/4
   311 | D:1      | Reached XP level 2. HP: 19/19 MP: 5/5
   346 | D:1      | Learned a level 2 spell: Repel Missiles
   349 | D:1      | Learned a level 2 spell: Swiftness
   721 | D:2      | Reached XP level 3. HP: 22/24 MP: 1/7
  1081 | D:2      | Reached XP level 4. HP: 30/30 MP: 2/10
  1338 | D:2      | Found a sparkling altar of Nemelex Xobeh.
  1739 | D:2      | Learned a level 3 spell: Flight
  2109 | D:3      | Reached XP level 5. HP: 23/35 MP: 7/12
  2193 | D:3      | Learned a level 3 spell: Static Discharge
  2212 | D:3      | Reached skill level 4 in Air Magic
  2767 | D:4      | Reached skill level 1 in Charms
  2875 | D:4      | Reached skill level 1 in Conjurations
  2974 | D:4      | Noticed a phantom
  2986 | D:4      | Killed a phantom
  2986 | D:4      | Reached XP level 6. HP: 30/41 MP: 15/15
  3200 | D:4      | Found a bloodstained altar of Trog.
  3451 | D:4      | Reached XP level 7. HP: 39/46 MP: 0/17
  3846 | D:5      | Entered Level 5 of the Dungeon
  3846 | D:5      | Noticed Sigmund
  3852 | D:5      | Killed Sigmund
  3945 | D:5      | Reached skill level 5 in Air Magic
  3952 | D:5      | Learned a level 2 spell: Searing Ray
  4512 | D:5      | Reached XP level 8. HP: 27/52 MP: 5/18
  5095 | D:5      | Reached skill level 6 in Air Magic
  5391 | D:5      | Noticed Duvessa
  5391 | D:5      | Noticed Dowan
  5405 | D:5      | Killed Duvessa
  5416 | D:5      | Killed Dowan
  5824 | D:6      | Found Haggopt's Antique Weapon Boutique.
  5826 | D:6      | Bought a runed scythe for 105 gold pieces
  5950 | D:6      | HP: 2/52 [poisoned by a kobold]
  6104 | D:6      | Reached skill level 5 in Charms
  6133 | D:6      | Reached skill level 5 in Conjurations
  6215 | D:6      | Paralysed by a giant eyeball for 2 turns
  6218 | D:6      | Paralysed by a giant eyeball for 2 turns
  6220 | D:6      | Paralysed by a giant eyeball for 2 turns
  6288 | D:6      | Found a staircase to the Ecumenical Temple.
  6312 | Temple   | Entered the Ecumenical Temple
  6435 | Temple   | Became a worshipper of Sif Muna the Loreminder
  6757 | D:6      | Reached skill level 7 in Air Magic
  6963 | D:6      | Found a staircase to the Orcish Mines.
  6969 | D:6      | Reached XP level 9. HP: 49/57 MP: 12/20
  7689 | D:7      | Acquired Sif Muna's first power
  7790 | D:7      | Gained mutation: Your system is resistant to poisons. [potion of mutation]
  7790 | D:7      | Gained mutation: Your magical capacity is low (-10% MP). [potion of mutation]
  7790 | D:7      | Gained mutation: You are partially covered in yellow scales (AC +2). [potion of mutation]
  7955 | D:7      | Reached skill level 8 in Air Magic
  8100 | D:7      | Paralysed by a giant eyeball for 2 turns
  8118 | D:7      | Learned a level 2 spell: Blink
  8120 | D:7      | Learned a level 1 spell: Apportation
  8269 | D:8      | Found Qaqotwav's Armour Boutique.
  8392 | D:8      | Noticed Eustachio
  8397 | D:8      | Killed Eustachio
  8600 | D:8      | Acquired Sif Muna's second power
  8757 | D:8      | Bought a +1 pair of bracers of archery for 136 gold pieces
  8845 | D:8      | Found Neteathra's Antique Weapon Shoppe.
  8851 | D:8      | Reached skill level 9 in Air Magic
  9064 | D:8      | Found Maata's Weapon Shop.
  9184 | D:8      | Reached skill level 1 in Invocations
  9191 | D:8      | Killed from afar by a manticore

Action                   |  1- 3 |  4- 6 |  7- 9 || total
-------------------------+-------+-------+-------++-------
Melee: Short sword       |    45 |   106 |   151 ||   302
       Unarmed           |     3 |       |    10 ||    13
       Scythe            |       |       |   127 ||   127
       Glaive            |       |       |     6 ||     6
 Cast: Shock             |    31 |    34 |    17 ||    82
       Swiftness         |       |     1 |     9 ||    10
       Static Discharge  |       |    17 |    58 ||    75
       Searing Ray       |       |       |    66 ||    66
       Repel Missiles    |       |       |     8 ||     8
       Flight            |       |       |     6 ||     6
Invok: Channel Energy    |       |       |    26 ||    26
 Abil: Bottle Blood      |       |       |    34 ||    34
Evoke: Wand              |       |       |     5 ||     5
  Use: Potion            |     1 |     1 |    34 ||    36
       Scroll            |       |    15 |     7 ||    22
 Stab: Sleeping          |       |     5 |     5 ||    10
       Paralysed         |       |       |     3 ||     3
       Distracted        |       |       |     1 ||     1
